 Dungeon Crawl Stone Soup version 0.28.0-1-gb440e238dd (webtiles) character file.

Game seed: 16995785071604664143

141 Peloso the Covered (level 5, -9/47 HPs)
             Began as a Minotaur Fighter on Feb 19, 2022.
             Killed by divine providence
             ... invoked by an orc priest
              (15 damage)
             ... on level 3 of the Dungeon.
             The game lasted 00:03:57 (2359 turns).

Peloso the Covered (Minotaur Fighter)               Turns: 2359, Time: 00:03:58

Health: -9/47      AC:  8    Str: 20    XL:     5   Next: 3%
Magic:  4/4        EV:  9    Int:  5    God:
Gold:   119        SH:  5    Dex: 12    Spells: 4/4 levels left

rFire   . . .      SeeInvis .   a - +0 long sword
rCold   . . .      Faith    .   c - +0 buckler
rNeg    . . .      Spirit   .   b - +0 scale mail
rPois   .          Reflect  .   (helmet restricted)
rElec   .          Harm     .   (no cloak)
rCorr   .          Rampage  .   e - +0 pair of gloves
Will    .....                   (no boots)
Stlth   ..........              (no amulet)
HPRegen 0.15/turn               (no ring)
MPRegen 0.09/turn               (no ring)

@: no status effects
A: horns 2, retaliatory headbutt
a: no special abilities


You were on level 3 of the Dungeon.
You visited 1 branch of the dungeon, and saw 3 of its levels.

You collected 119 gold pieces.

Inventory:

Hand Weapons
 a - a +0 long sword (weapon)
Armour
 b - a +0 scale mail (worn)
 c - a +0 buckler (worn)
 e - a +0 pair of gloves (worn)
Jewellery
 j - a ring of fire
Scrolls
 f - a scroll of teleportation
 h - a scroll of amnesia {unknown}
 k - a scroll of enchant armour {unknown}
 l - a scroll of vulnerability {unknown}
Potions
 g - a potion of degeneration {unknown}
 i - 2 potions of curing {unknown}


   Skills:
 + Level 4.3 Fighting
 + Level 4.2 Long Blades
 + Level 4.5 Armour
 + Level 1.0 Dodging
 + Level 0.7 Stealth
 + Level 4.1 Shields


You had 4 spell levels left.
You didn't know any spells.
Your spell library was empty.

Dungeon Overview and Level Annotations

Branches:
Dungeon (3/15)

Altars:

Shops:
D:1 [


Innate Abilities, Weirdness & Mutations

You have a pair of horns on your head.
You reflexively headbutt those who attack you in melee.


Message History

A giant cockroach is nearby!
A giant cockroach is nearby!
Found a stone staircase leading up.
You hit the giant cockroach.
The giant cockroach is heavily wounded.
You block the giant cockroach's attack.
The giant cockroach bites you but does no damage.
You barely miss the giant cockroach.
The giant cockroach is heavily wounded.
The giant cockroach closely misses you.
You closely miss the giant cockroach.
The giant cockroach is heavily wounded.
The giant cockroach barely misses you.
You barely miss the giant cockroach. You headbutt the giant cockroach.
You kill the giant cockroach!
There is a stone staircase leading up here.
You see here 11 arrows.
You see here a +0 ring mail.
An orc priest comes into view. It is wielding a +0 dagger.
The orc priest shouts!
An orc comes into view. It is wielding a +0 hand axe.
The orc priest casts a cantrip, but nothing happens.
There are monsters nearby!
There are monsters nearby!
There are monsters nearby! 2 orcs come into view.
The orc shouts! x3
The orc priest invokes the aid of Beogh against you.
Beogh smites you!
The orc moves out of view. x2
The orc priest calls down the wrath of Beogh upon you.
Beogh smites you!
Found a stone staircase leading down.
The orc hits you from afar with a +0 trident.
The orc hits you with a +0 hand axe.
The orc priest mumbles some strange prayers to Beogh against you.
Beogh smites you!
* * * LOW HITPOINT WARNING * * *
The orc priest mumbles some strange prayers to Beogh against you.
Beogh smites you!
You die...

#...# #...# .. #...
###...##### #. ....
........... #. .#..
............ #.###...
.....(.......##.....#
###...####.#........#...
#>..# #..............
#...# #@# #...# #.#
###...### ######.##
#.......# #.....oo#
#.#...#.###.####o.#
#........##[####.o...
#..............##......
#...#.#..##.##.##.......
).....#(.##.##.##.#....>


You could see an orc priest and 3 orcs.

Vanquished Creatures
  An ogre (D:3)
  2 adders
  7 ball pythons
  3 bats
  3 endoplasms
  6 giant cockroaches
  5 goblins
  2 hobgoblins
  A quokka (D:1)
  3 frilled lizards
  7 kobolds
  A rat (D:1)
41 creatures vanquished.

Notes
Turn   | Place    | Note
-------+----------+-------------------------------------------
     0 | D:1      | Peloso the Minotaur Fighter began the quest for the Orb.
     0 | D:1      | Reached XP level 1. HP: 19/19 MP: 0/0
   646 | D:1      | Found Zatoo's Armour Shoppe.
   658 | D:1      | Reached XP level 2. HP: 25/27 MP: 1/1
  1600 | D:2      | Reached XP level 3. HP: 30/33 MP: 2/2
  1635 | D:2      | Found a faded altar of an unknown god.
  1902 | D:2      | Identified the +2 ring mail "Fano" {rElec Will+++ Regen+
                  | Str-4}
  2250 | D:3      | Noticed an ogre
  2265 | D:3      | Killed an ogre
  2266 | D:3      | Reached skill level 1 in Dodging
  2266 | D:3      | Reached XP level 4. HP: 34/41 MP: 3/3
  2266 | D:3      | Reached XP level 5. HP: 39/47 MP: 4/4
  2359 | D:3      | Killed from afar by an orc priest

Illustrated notes

Levels and vault maps discovered:
D:1:      lightli_arrival_lavapool, layout_basic, serial_shops, shop
D:2:      layout_rooms, ebering_ecumenical_altar_petrified
D:3:      layout_loops_cross

Skill      XL: |  1  2  3 |
---------------+----------+-----
Fighting       | 4 |  4.3
Long Blades    | 3 4 |  4.2
Armour         | 4 |  4.5
Shields        | 4 |  4.1
Dodging        | 1 |  1.0
Stealth        | |  0.7

Action                   |  1- 3 |  4- 6 || total
-------------------------+-------+-------++-------
Melee: Long sword        |    90 |     5 ||    95
       Headbutt          |     5 |     1 ||     6
  Use: Scroll            |     1 |       ||     1
       Potion            |     1 |       ||     1
Armor: Scale mail        |    39 |     1 ||    40
Dodge: Dodged            |    41 |     2 ||    43
Block: Buckler           |    28 |     1 ||    29
